 Dungeon Crawl Stone Soup version 0.23-a0-13-gb09bef45d9 (webtiles) character file.

7227 Flugkiller the Destroyer (level 10, 0/58 HPs)
             Began as a Deep Elf Conjurer on Aug 2, 2018.
             Was a Follower of Fedhas.
             Slain by Fannar
             ... wielding a +0 quarterstaff of freezing
              (5 damage)
             ... on level 1 of the Lair of Beasts.
             The game lasted 00:19:39 (9511 turns).

Flugkiller the Destroyer (Deep Elf Conjurer)        Turns: 9511, Time: 00:19:39

Health: 0/58       AC:  7    Str:  5    XL:     10   Next: 88%
Magic:  24/27      EV: 17    Int: 27    God:    Fedhas [*.....]
Gold:   386        SH:  0    Dex: 15    Spells: 22/32 levels left

rFire    . . .     SeeInvis +   u - staff of wizardry
rCold    . . .     Gourm    .   (no shield)
rNeg     . . .     Faith    .   a - +0 robe
rPois    .         Spirit   .   A - +0 helmet
rElec    .         Reflect  .   (no cloak)
rCorr    .         Harm     .   d - +1 pair of gloves
MR       +....                  j - +1 pair of boots
Stlth    ++........             (no amulet)
HPRegen  0.19/turn              i - ring of see invisible
MPRegen  0.20/turn              v - +3 ring of intelligence

@: very slightly contaminated
A: no striking features
a: Fungal Bloom, Sunlight, Renounce Religion


You were on level 1 of the Lair of Beasts.
You worshipped Fedhas.
Fedhas was aware of your devotion.
You were hungry.

You visited 3 branches of the dungeon, and saw 10 of its levels.
You also visited: Sewer.

You collected 386 gold pieces.

Inventory:

Armour
 a - a +0 robe (worn)
 d - a +1 pair of gloves (worn)
 j - a +1 pair of boots (worn)
 A - a +0 helmet (worn)
Magical Staves
 u - an uncursed staff of wizardry (weapon)
Jewellery
 e - an uncursed amulet of harm
 i - a ring of see invisible (left hand)
 v - a +3 ring of intelligence (right hand)
Wands
 q - a wand of random effects (7)
 B - a wand of flame (22)
Scrolls
 b - 3 scrolls of remove curse
 f - 2 scrolls of enchant armour
 g - a scroll of immolation
 y - a scroll of amnesia
Potions
 h - 3 potions of haste
 k - 2 potions of might
 l - a potion of berserk rage
 m - a potion of mutation
 n - 5 potions of curing
 o - a potion of flight
 s - 2 potions of magic
 w - 2 potions of brilliance
Comestibles
 c - 23 rations
 p - a chunk of flesh


   Skills:
 * Level 4.9 Fighting
 * Level 7.7 Dodging
 - Level 2.4 Stealth
 + Level 11.7 Spellcasting
 - Level 12.1 Conjurations
 - Level 5.0 Hexes


You had 22 spell levels left.
You knew the following spells:

 Your Spells              Type           Power        Failure   Level  Hunger
a - Magic Dart            Conj           ####         1%          1    None
b - Searing Ray           Conj           ######       1%          2    None
c - Dazzling Spray        Conj/Hex       ######       1%          3    None
d - Iskenderun's Mystic   Conj           ######..     1%          4    None

Your spell library contained the following spells:

 Spells                   Type           Power        Failure   Level  Hunger
 Lightning Bolt           Conj/Air       #####.....   3%          5    ###....
 Summon Small Mammal      Summ           ###.         1%          1    None
 Summon Ice Beast         Ice/Summ       ###.....     14%         4    None
 Call Imp                 Summ           ###.....     2%          2    None
 Shock                    Conj/Air       ####         1%          1    None
 Swiftness                Chrm/Air       ###.....     2%          2    None
 Airstrike                Air            ###.......   14%         4    None
 Call Canine Familiar     Summ           ###.....     4%          3    None
 Static Discharge         Conj/Air       #####...     1%          3    None
 Fulminant Prism          Conj/Hex       ######....   1%          4    None
 Force Lance              Conj/Tloc      #####...     1%          4    None
 Summon Lightning Spire   Summ/Air       ###.....     14%         4    None
 Summon Guardian Golem    Hex/Summ       ####....     1%          3    None


Dungeon Overview and Level Annotations

Branches:
Dungeon (8/15)             Temple (1/1) D:6            Lair (1/6) D:8

Altars:
Ashenzari
Cheibriados
Dithmenos
Elyvilon
Fedhas
Gozag
Hepliaklqana
Kikubaaqudgha
Makhleb
Nemelex Xobeh
Okawaru
Qazlal
Ru
Sif Muna
Trog
Uskayaw
Vehumet
Wu Jian
Xom
Yredelemnul
Zin
The Shining One

Annotations:
Lair:1 Fannar


Message History

Aiming: Iskenderun's Mystic Blast (safe; 1% risk of failure)
Press: ? - help, Shift-Dir - straight line, f - Fannar
Aim: Fannar, wielding a quarterstaff of freezing, wearing a robe of cold resistance and wearing a ring of ice (moderately wounded, covered in an icy film)
Okay, then.
Casting: Iskenderun's Mystic Blast (safe; 1% risk of failure)
Confirm with . or Enter, or press ? or * to list all spells.
Aiming: Dazzling Spray (safe; 1% risk of failure)
Press: ? - help, Shift-Dir - straight line, f - Fannar
Aim: Fannar, wielding a quarterstaff of freezing, wearing a robe of cold resistance and wearing a ring of ice (moderately wounded, covered in an icy film)
Okay, then.
Casting: Dazzling Spray (safe; 1% risk of failure)
Confirm with . or Enter, or press ? or * to list all spells.
Aiming: Dazzling Spray (safe; 1% risk of failure)
Press: ? - help, Shift-Dir - straight line The spray of energy hits Fannar.
Fannar is heavily wounded.
Unknown command.
Fannar hits you with a quarterstaff of freezing.
You die...
Fedhas appreciates your contribution to the ecosystem.

#..# #...### #.. ?####
##.#....#e..## ##.. ...#.##
#e##?###....####.##.##......
#..###...##.h...# #.?.#.....
#...........(..# ###F.......
#.###...>#.....###...F§$....
#.###....$.#.)..(.##..e.....
#h##.###............%§F...).
#.÷........@e.......F.Hr.[>.
#####...#.##.F.....#........
##P#####...#....§....... ###
#####....(#....##
####.##.$## ## ####


You could see Fannar, a spiny frog and a wolf (wandering).

Vanquished Creatures
  A hydra (D:7)
  A two-headed ogre (D:8)
  Pikel (D:5)
  A troll (D:7)
  A blink frog (Lair:1)
  2 hippogriffs
  2 hungry ghosts
  An orc warrior (D:7)
  3 porcupines (Lair:1)
  A sky beast (D:6)
  A slave (D:5)
  A phantom (D:7)
  3 ogres
  A centaur (D:7)
  5 wolves (Lair:1)
  2 crocodiles (Lair:1)
  A big kobold (D:8)
  12 bullfrogs
  A water moccasin zombie (D:5)
  2 scorpions
  5 killer bees (D:7)
  8 wights
  5 howler monkeys
  2 centaur zombies
  2 crimson imps
  2 quasits
  3 orc priests
  A hound (D:6)
  4 iguanas
  A jelly (D:6)
  A bullfrog skeleton (D:7)
  3 centaur skeletons
  4 orc wizards
  6 worker ants
  A hound zombie (D:7)
  2 worker ant zombies (D:7)
  18 adders
  4 gnolls (D:6)
  3 river rats (D:4)
  A shadow imp (D:6)
  8 oozes (Sewer)
  2 worms (D:2)
  4 dart slugs
  14 leopard geckos
  14 orcs
  5 bats
  17 giant cockroaches
  13 goblins
  9 hobgoblins
  6 jackals
  4 quokkas
  12 ball pythons
  17 frilled lizards
  7 kobolds
  2 quokka skeletons (D:4)
  A quokka zombie (D:5)
  6 rats
  A toadstool (Lair:1)
261 creatures vanquished.

Vanquished Creatures (others)
  2 slaves (D:5)
  A sky beast (D:5)
  A worm (D:5)
  2 giant cockroaches (D:5)
  3 goblins (D:5)
  A leopard gecko skeleton (D:6)
  29 toadstools
39 creatures vanquished.

Grand Total: 300 creatures vanquished

Notes
Turn   | Place    | Note
-------+----------+-------------------------------------------
     0 | D:1      | Flugkiller the Deep Elf Conjurer began the quest for the Orb.
     0 | D:1      | Reached XP level 1. HP: 10/10 MP: 6/6
   272 | D:1      | Reached XP level 2. HP: 15/15 MP: 0/8
   588 | D:1      | Reached skill level 5 in Conjurations
   823 | D:2      | Reached XP level 3. HP: 19/19 MP: 7/10
   918 | D:2      | Learned a level 2 spell: Searing Ray
  1287 | D:2      | Reached XP level 4. HP: 24/24 MP: 9/12
  1445 | D:2      | Learned a level 3 spell: Dazzling Spray
  1450 | D:2      | Learned a level 4 spell: Iskenderun's Mystic Blast
  1536 | D:3      | Found a glowing golden altar of the Shining One.
  2035 | D:4      | Reached skill level 6 in Conjurations
  2207 | D:4      | Reached XP level 5. HP: 27/28 MP: 5/14
  2227 | D:4      | Reached skill level 5 in Spellcasting
  2365 | D:4      | Reached skill level 7 in Conjurations
  2408 | D:4      | Reached XP level 6. HP: 32/32 MP: 0/16
  2411 | D:4      | Found a glowing drain.
  2481 | Sewer    | Entered a sewer
  3529 | Sewer    | Reached skill level 8 in Conjurations
  3533 | Sewer    | Reached XP level 7. HP: 14/36 MP: 2/18
  3842 | D:4      | Found a hide-covered altar of Uskayaw.
  4059 | D:5      | Entered Level 5 of the Dungeon
  4094 | D:5      | Noticed Pikel
  4678 | D:5      | Reached skill level 1 in Hexes
  4699 | D:5      | Killed Pikel
  4699 | D:5      | Reached skill level 9 in Conjurations
  4699 | D:5      | Reached XP level 8. HP: 41/41 MP: 10/21
  4764 | D:5      | Reached skill level 10 in Conjurations
  5459 | D:6      | Reached skill level 5 in Hexes
  5631 | D:6      | Found a shimmering altar of Xom.
  5676 | D:6      | Reached XP level 9. HP: 45/45 MP: 18/23
  5734 | D:6      | Found a staircase to the Ecumenical Temple.
  5749 | Temple   | Entered the Ecumenical Temple
  5845 | Temple   | Became a worshipper of Fedhas Madash
  6118 | D:7      | Reached skill level 11 in Conjurations
  6982 | D:7      | Reached skill level 10 in Spellcasting
  7189 | D:7      | Noticed a troll
  7205 | D:7      | Killed a troll
  7205 | D:7      | Reached skill level 12 in Conjurations
  7341 | D:7      | Noticed a four-headed hydra
  7349 | D:7      | Killed a four-headed hydra
  7349 | D:7      | Reached XP level 10. HP: 34/53 MP: 2/26
  7997 | D:7      | Reached skill level 5 in Dodging
  8388 | D:8      | Found a staircase to the Lair.
  8468 | D:8      | Noticed a two-headed ogre
  8472 | D:8      | Killed a two-headed ogre
  9012 | D:8      | Found a sacrificial altar of Ru.
  9122 | Lair:1   | Entered Level 1 of the Lair of Beasts
  9122 | Lair:1   | Noticed Fannar
  9344 | Lair:1   | Reached * piety under Fedhas
  9495 | Lair:1   | HP: 2/58 [Fannar/bolt of cold (25)]
  9506 | Lair:1   | Noticed a spiny frog
  9511 | Lair:1   | Slain by Fannar

Vault maps used:
D:1:      wheals_arrival_linesprint
D:3:      lemuel_doored_altar
D:4:      eat_drink_and_be_merry_uskayaw, portal_sewer_entry_b
D:5:      first_ration, minmay_ogre_servants, uniq_pikel
D:6:      xom_confusion_cloud, minmay_temple_entry_nine_rooms
D:7:      grunt_potential
D:8:      kennysheep_mini, lair_entry_dummy, blue_anna_alchemist
Temple:   compressed_dpeg_circular_temple
Lair:1:   beast_lair_carwin_1, uniq_fannar
Sewer:    sewer_frog_island_02

Skill      XL: |  1  2  3  4  5  6  7  8  9 10 |
---------------+-------------------------------+-----
Conjurations   | 5 6 7 8 9 10 12 | 12.1
Spellcasting   | 4 5 6 7 8 10 11 | 11.7
Hexes          | 3 5 |  5.0
Fighting       | 2 4 |  4.9
Dodging        | 4 7 |  7.7
Stealth        | |  2.4

Action                   |  1- 3 |  4- 6 |  7- 9 | 10-12 || total
-------------------------+-------+-------+-------+-------++-------
Melee: Unarmed           |     6 |       |       |       ||     6
       Staff             |       |    15 |       |     9 ||    24
 Cast: Magic Dart        |    72 |   145 |   117 |   103 ||   437
       Dazzling Spray    |       |     2 |     1 |     1 ||     4
       Iskenderun's Myst |       |    13 |    75 |    54 ||   142
       Searing Ray       |       |       |     1 |     1 ||     2
Invok: Fungal Bloom      |       |       |     5 |     6 ||    11
Evoke: Wand              |       |     3 |       |    18 ||    21
  Use: Scroll            |       |       |     8 |    14 ||    22
       Potion            |       |       |       |     3 ||     3
 Stab: Confused          |       |     1 |       |     1 ||     2
  Eat: Chunk             |     1 |     8 |    14 |     3 ||    26
       Ration            |       |       |     1 |     1 ||     2
Armor: Robe              |     2 |    13 |    14 |    23 ||    52
Dodge: Dodged            |     6 |    47 |    38 |    89 ||   180

Table legend:
 A = Spawn XP
 B = Non-spawn XP
 C = Spawn XP percentage of total XP
 D = Spawn monster count
 E = Non-spawn monster count
 F = Spawn count percentage of total count
 G = Total turns spent on level
                    A         B        C        D         E        F      G
               +---------+---------+-------+---------+---------+-------+---------
         Total |       0 |   10325 |   0.0 |       0 |     259 |   0.0 |  9511
               +---------+---------+-------+---------+---------+-------+---------
           D:1 |       0 |      28 |   0.0 |       0 |      15 |   0.0 |   821
           D:2 |       0 |      69 |   0.0 |       0 |      23 |   0.0 |   630
           D:3 |       0 |      27 |   0.0 |       0 |      14 |   0.0 |   522
           D:4 |       0 |     288 |   0.0 |       0 |      25 |   0.0 |  1128
           D:5 |       0 |    1373 |   0.0 |       0 |      22 |   0.0 |   991
           D:6 |       0 |     959 |   0.0 |       0 |      17 |   0.0 |  1336
           D:7 |       0 |    3515 |   0.0 |       0 |      49 |   0.0 |  1586
           D:8 |       0 |    1572 |   0.0 |       0 |      16 |   0.0 |   749
        Lair:1 |       0 |    2050 |   0.0 |       0 |      16 |   0.0 |   389
         Sewer |       0 |     444 |   0.0 |       0 |      62 |   0.0 |  1238
               +---------+---------+-------+---------+---------+-------+---------
